 Dungeon Crawl Stone Soup version 0.28.0-53-g5a82cb258f (webtiles) character file.

Game seed: 13807318048685644507

2 Martska the Grasshopper (level 1, 0/16 HPs)
             Began as a Human Warper on June 26, 2022.
             Slain by a goblin
             ... wielding a +0 dagger
              (2 damage)
             ... on level 1 of the Dungeon.
             The game lasted 00:00:42 (31 turns).

Martska the Grasshopper (Human Warper)                Turns: 31, Time: 00:00:44

Health: 0/16       AC:  3    Str: 11    XL:     1   Next: 44%
Magic:  1/3        EV: 11    Int: 13    God:
Gold:   12         SH:  0    Dex: 12    Spells: 4/4 levels left

rFire   . . .      SeeInvis .   a - +0 spear
rCold   . . .      Faith    .   (no shield)
rNeg    . . .      Spirit   .   b - +0 leather armour
rPois   .          Reflect  .   (no helmet)
rElec   .          Harm     .   (no cloak)
rCorr   .          Rampage  .   (no gloves)
Will    .....                   (no boots)
Stlth   +.........              (no amulet)
HPRegen 0.05/turn               (no ring)
MPRegen 0.08/turn               (no ring)

@: no status effects
A: no striking features
a: no special abilities


You were on level 1 of the Dungeon.
You visited 1 branch of the dungeon, and saw 1 of its levels.

You collected 12 gold pieces.

Inventory:

Hand Weapons
 a - a +0 spear (weapon)
Missiles
 d - 5 boomerangs of dispersal (quivered)
Armour
 b - a +0 leather armour (worn)
Scrolls
 c - a scroll of blinking


   Skills:
 * Level 2.0 Fighting
 * Level 2.1 Polearms
 - Level 1.0 Throwing
 - Level 1.0 Armour
 * Level 2.0 Dodging
 - Level 2.0 Spellcasting
 - Level 3.0 Translocations


You had 4 spell levels left.
You didn't know any spells.
Your spell library contained the following spells:

 Spells                   Type           Power      Damage    Failure   Level
 Blink                    Tloc           18%        N/A       14%         2
 Gell's Gravitas          Tloc           9%         N/A       28%         3
 Lesser Beckoning         Tloc           9%         N/A       28%         3
 Teleport Other           Tloc           9%         N/A       28%         3
 Manifold Assault         Tloc           9%         N/A       95%         5


Dungeon Overview and Level Annotations

Branches:
Dungeon (1/15)

Altars:


Message History

The kobold is severely wounded.
A nearby plant withers and dies.
The kobold hits you but does no damage.
Reach: a) +0 spear
Press: ? - help, Dir - move target, f/p - kobold
Aim: a kobold, wielding a +0 antimagic short sword and quivering stones (heavily wounded, about 45% to evade your +0 spear)
You completely miss the kobold.
The kobold is heavily wounded.
A nearby plant withers and dies.
The goblin hits the plant with a +0 dagger.
The plant begins to die.
The kobold barely misses you.
The hobgoblin hits the plant.
The plant begins to die.
Reach: a) +0 spear
Press: ? - help, Dir - move target, f/p - kobold
Aim: a kobold, wielding a +0 antimagic short sword and quivering stones (heavily wounded, about 45% to evade your +0 spear)
You hit the kobold.
You kill the kobold!
The kobold completely misses the plant.
Reach: a) +0 spear
Press: ? - help, Dir - move target, f - goblin
Aim: a goblin, wielding a +0 dagger (about 45% to evade your +0 spear)
You hit the goblin.
The goblin is severely wounded.
The goblin hits you but does no damage.
The kobold hits the plant with a +0 dagger.
Unknown command.
Reach: a) +0 spear
Press: ? - help, Dir - move target, f/p - goblin
Aim: a goblin, wielding a +0 dagger (moderately wounded, about 45% to evade your +0 spear)
You closely miss the goblin.
The goblin is moderately wounded.
The goblin misses you.
The kobold hits the plant with a +0 dagger.
The plant begins to die.
Reach: a) +0 spear
Press: ? - help, Dir - move target, f/p - goblin
Aim: a goblin, wielding a +0 dagger (moderately wounded, about 45% to evade your +0 spear)
You miss the goblin.
The goblin is moderately wounded.
A nearby plant withers and dies. x2; The goblin hits you with a +0 dagger.
You die...

P...PPP.PPP##...
.PPP.PP.P.......
P.PP.PP.PP...#....
P.P.PP.P.PP..........
P.P.P.PPP.P.P...##...


P.P.PP.P.PP.g..P# . P.PP.PP.PP...KPP# PP.PP.PPP.PPgPPP# PP.PPP...PPP@PPP#
PPP..PPPPP..PPPP# PPPPP..<..PPPPPP# PPPPPPPPPPPPPPPP# #########..#.......
#....####.. #.#.## ### #.#.# ....# You could see a hobgoblin, a goblin and a
kobold.

Vanquished Creatures
  A kobold (D:1)
  A quokka (D:1)
2 creatures vanquished.

Vanquished Creatures (others)
  14 plants (D:1)
14 creatures vanquished.

Grand Total: 16 creatures vanquished

Notes
Turn   | Place    | Note
-------+----------+-------------------------------------------
     0 | D:1      | Martska the Human Warper began the quest for the Orb.
     0 | D:1      | Reached XP level 1. HP: 16/16 MP: 3/3
    31 | D:1      | Slain by a goblin

Illustrated notes

Levels and vault maps discovered:
D:1:      roderic_crop_circles_arrival_small, layout_loops_ring,
          hellmonk_ecumenical_altar_crossroads

Action                   || total
-------------------------++-------
Melee: Spear             ||    14
Armor: Leather armour    ||     2
Dodge: Dodged            ||     7
